 Dungeon Crawl Stone Soup version 0.25.1-8-g42b30a86e7 (webtiles) character file.

Game seed: 6326920874492578913

223 Clowwww the Chopper (level 5, -1/42 HPs)
             Began as a Demonspawn Fighter on Dec 12, 2020.
             Killed themself with a badly aimed iceblast (6 damage)
             ... on level 3 of the Dungeon.
             The game lasted 00:06:04 (2155 turns).

Clowwww the Chopper (Demonspawn Fighter)            Turns: 2155, Time: 00:06:05

Health: -1/42      AC:  8    Str: 17    XL:     5   Next: 66%
Magic:  5/5        EV:  7    Int: 10    God:
Gold:   111        SH:  9    Dex: 12    Spells: 4/4 levels left

rFire    . . .     SeeInvis .   a - +0 war axe
rCold    + . .     Gourm    .   c - +0 kite shield
rNeg     . . .     Faith    .   b - +0 scale mail
rPois    .         Spirit   .   (no helmet)
rElec    .         Reflect  .   (no cloak)
rCorr    +         Harm     .   (no gloves)
MR       .....                  (no boots)
Stlth    +.........             (no amulet)
HPRegen  0.14/turn              n - ring of stealth
MPRegen  0.09/turn              m - ring of resist corrosion

@: lethally poisoned (-1 -> -2)
A: talons 1, thin metallic scales 1, cold resistance 1
a: no special abilities


You were on level 3 of the Dungeon.
You were not hungry.

You visited 1 branch of the dungeon, and saw 3 of its levels.

You collected 111 gold pieces.

Inventory:

Hand Weapons
 a - a +0 war axe (weapon)
Armour
 b - a +0 scale mail (worn)
 c - a +0 kite shield (worn)
Jewellery
 m - a ring of resist corrosion (right hand)
 n - a ring of stealth (left hand)
Wands
 d - a wand of iceblast (5)
Scrolls
 e - a scroll of enchant armour {unknown}
 p - 5 scrolls of identify {unknown}
 q - a scroll of fear {unknown}
Potions
 g - a potion of curing {unknown}
 h - 2 potions of flight {unknown}
 i - a potion of stabbing {unknown}
 j - a potion of mutation {unknown}
 l - 2 potions of lignification {unknown}
 r - 2 potions of magic {unknown}
Comestibles
 f - 5 rations


   Skills:
 + Level 3.9 Fighting
 + Level 4.0 Axes
 + Level 1.0 Throwing
 + Level 3.1 Armour
 + Level 0.1 Dodging
 + Level 3.1 Shields


You had 4 spell levels left.
You didn't know any spells.
Your spell library was empty.

Dungeon Overview and Level Annotations

Branches:
Dungeon (3/15)

Altars:
Cheibriados
Gozag


Innate Abilities, Weirdness & Mutations

You have sharp toenails.
You are partially covered in thin metallic scales. (AC +2)
Your flesh is cold resistant. (rC+)


Message History

You miss something.
You feel sick.
You hear some strange, mumbled words.
A puff of flame appears from out of thin air!
The puff of flame hits you!
* * * LOW HITPOINT WARNING * * *
Something hits you but does no damage.
You closely miss something.
You hear some strange, mumbled words.
A magic dart appears from out of thin air!
The magic dart hits you.
* * * LOW HITPOINT WARNING * * *
Evoke which item? (* to show all) (? for menu, Esc to quit)
Aiming: Iceblast
Press: ? - help, Shift-Dir - straight line The mass of ice explodes!
The iceblast engulfs something!
Reactivating autopickup.
Your Axes skill increases to level 4!
You feel a bit more experienced. The iceblast engulfs you.
You partially resist.
You die...

# ##############.###
####.................
#(.....###.######.##.
....................
#...###............
##.##.......###.#.. #
#)...........#.#.. #.
##@##...(...#.#.#..
#.###).####...###.#)#..
#.....# #....# #.#.)..
#.#..## #.######≈≈≈...
####....# #. ####≈≈≈≈≈..
#.......####.##.#_≈≈.≈≈..
#>##....##......##≈≈≈≈≈..
# #(...........###≈≈≈...
#............# #####..


There were no monsters in sight!

Vanquished Creatures
  An orc priest (D:3)
  An orc wizard (D:3)
  Ijyb (D:3)
  Terence (D:2)
  Robin (D:2)
  3 adders (D:2)
  2 oozes
  A worm (D:2)
  3 dart slugs
  2 leopard geckos (D:2)
  3 orcs (D:3)
  A ball python (D:1)
  3 bats
  4 giant cockroaches
  9 goblins
  11 hobgoblins
  4 jackals (D:2)
  3 kobolds
  2 frilled lizards
  4 rats
60 creatures vanquished.

Notes
Turn   | Place    | Note
-------+----------+-------------------------------------------
     0 | D:1      | Clowwww the Demonspawn Fighter began the quest for the Orb.
     0 | D:1      | Reached XP level 1. HP: 18/18 MP: 1/1
   128 | D:1      | Gained mutation: You are partially covered in thin metallic
                  | scales. (AC +2) [demonic ancestry]
   128 | D:1      | Reached XP level 2. HP: 22/24 MP: 2/2
   140 | D:1      | Reached skill level 2 in Axes
   508 | D:1      | Gained mutation: Your flesh is cold resistant. (rC+)
                  | [demonic ancestry]
   508 | D:1      | Reached XP level 3. HP: 29/29 MP: 3/3
   958 | D:2      | Noticed Terence
   967 | D:2      | Killed Terence
  1250 | D:2      | Gained mutation: You have sharp toenails. [demonic
                  | ancestry]
  1250 | D:2      | Reached XP level 4. HP: 36/36 MP: 4/4
  1593 | D:2      | Found an opulent altar of Gozag.
  1660 | D:2      | Noticed Robin
  1669 | D:2      | Reached skill level 3 in Axes
  1670 | D:2      | Killed Robin
  1983 | D:3      | Noticed Ijyb
  1999 | D:3      | Killed Ijyb
  1999 | D:3      | Reached XP level 5. HP: 42/42 MP: 5/5
  2008 | D:3      | Found a snail-covered altar of Cheibriados.
  2148 | D:3      | Reached skill level 1 in Throwing
  2155 | D:3      | Reached skill level 4 in Axes
  2155 | D:3      | Killed themself with a badly aimed iceblast

Illustrated notes

Levels and vault maps discovered:
D:1:      zelgadis_glass_arrival_small, layout_loops_ring
D:2:      layout_loops_ring, nicolae_gozag_seed_capital, uniq_robin,
          uniq_terence
D:3:      layout_loops_ring, kennysheep_slug_shrine,
          cheibrodos_ashenzari_chains, uniq_sigmund, uniq_ijyb

Skill      XL: |  1  2  3  4  5 |
---------------+----------------+-----
Axes           | 2 3 4 |  4.0
Shields        | 3 |  3.1
Armour         | 3 |  3.1
Throwing       | 1 |  1.0
Fighting       | |  3.9
Dodging        | |  0.1

Action                   |  1- 3 |  4- 6 || total
-------------------------+-------+-------++-------
Melee: War axe           |    50 |    76 ||   126
       Kick              |       |    15 ||    15
Throw: Boomerang         |    20 |    16 ||    36
  Use: Potion            |       |     1 ||     1
  Eat: Chunk             |     1 |     3 ||     4
Armor: Scale mail        |    22 |    30 ||    52
Dodge: Dodged            |    15 |    13 ||    28
Block: Kite shield       |    18 |    39 ||    57
